Map: Alcyone LE

Players

Pancho - Winner!

  • Race: Protoss Protoss
  • League: Platinum
  • Spawn Location: 7:00

McNasty

  • Race: Terran Terran
  • League: Platinum
  • Spawn Location: 1:00

VOD

Have the link to the VOD?

Description

Time

  • Played on: Sept. 17, 2024, 12:22 a.m.
  • Length: 23:53
Show
View Real Time Build Order
Export as new Build Order

Pancho Protoss - Winner!

Build Orders: Colossus Rush 

Get SALT Encoding   

  12  0:00  Probe  
  13  0:15  Pylon  
  13  0:17  Probe  
  14  0:29  Probe  
  14  0:35  Gateway  
  15  0:42  Probe (Chrono Boost)  
  16  0:50  Assimilator  
  16  0:52  Probe (Chrono Boost)  
  16  0:56  Probe (Chrono Boost)  
  18  1:08  Probe  
  19  1:13  Pylon  
  19  1:25  Cybernetics Core  
  19  1:27  Probe  
  19  1:29  Assimilator  
  20  1:39  Probe  
  21  1:51  Probe  
  22  1:59  Nexus  
  22  2:03  Stalker (Chrono Boost)  
  22  2:04  Warp Gate (Chrono Boost)  
  24  2:10  Probe  
  25  2:22  Probe  
  26  2:30  Robotics Facility  
  26  2:34  Probe  
  26  2:45  Stalker (Chrono Boost)  
  26  2:46  Probe  
  29  2:54  Pylon  
  29  2:59  Probe  
  30  3:06  Gateway  
  30  3:08  Gateway  
  30  3:15  Probe  
  30  3:16  Probe  
  30  3:17  Observer  
  33  3:24  Shield Battery  
  33  3:27  Probe  
  34  3:39  Pylon  
  34  3:43  Pylon  
  34  3:46  Probe (Chrono Boost)  
  35  3:53  Robotics Bay  
  35  3:55  Probe (Chrono Boost)  
  36  3:58  Probe (Chrono Boost)  
  37  4:04  Probe (Chrono Boost)  
  37  4:05  Probe (Chrono Boost)  
  37  4:09  Probe (Chrono Boost)  
  39  4:12  Probe  
  39  4:16  Stalker  
  43  4:17  Stalker  
  43  4:19  Sentry  
  43  4:21  Probe  
  48  4:24  Probe  
  48  4:27  Assimilator  
  48  4:29  Assimilator  
  49  4:33  Probe  
  49  4:36  Probe  
  51  4:45  Probe  
  51  4:48  Probe  
  51  4:50  Zealot x2  
  57  4:55  Observer  
  57  4:56  Zealot  
  57  4:57  Probe  
  60  5:00  Probe  
  60  5:02  Twilight Council  
  60  5:03  Extended Thermal Lance (Chrono Boost)  
  61  5:10  Probe  
  61  5:12  Probe  
  63  5:22  Probe, Colossus (Chrono Boost)  
  70  5:30  Probe  
  70  5:37  Nexus  
  70  5:41  Pylon  
  70  5:42  Charge (Chrono Boost)  
  70  5:59  Probe x2  
  70  6:00  Zealot x3  
  78  6:14  Shield Battery  
  78  6:24  Pylon  
  78  6:27  Pylon  
  78  6:32  Gateway  
  78  6:34  Gateway  
  78  6:37  Dark Shrine  
  78  6:38  Pylon x2  
  78  6:42  Probe x2  
  78  6:43  Stalker x2  
  84  6:49  Probe  
  84  6:54  Probe x2  
  87  6:57  Assimilator x2  
  87  7:01  Probe  
  87  7:02  Forge  
  87  7:03  Forge  
  87  7:06  Forge, Probe x2  
  90  7:12  Disruptor (Chrono Boost)  
  90  7:13  Probe  
  95  7:18  Probe x2  
  97  7:24  Stalker x2  
  97  7:25  Sentry, Probe  
  104  7:30  Probe x2  
  104  7:35  Observer (Chrono Boost)  
  104  7:36  Stalker  
  108  7:37  Stalker, Probe  
  108  7:42  Probe x2  
  114  7:49  Probe  
  115  7:54  Probe x2  
  114  8:18  Stalker  
  114  8:19  Stalker x3  
  122  8:20  Stalker  
  124  8:36  Observer  
  124  8:39  Pylon  
  124  8:43  Pylon  
  124  8:44  Pylon  
  124  8:47  Nexus, Probe  
  125  8:49  Pylon  
  125  8:50  Pylon  
  125  8:52  Assimilator  
  125  8:56  Assimilator  
  125  8:57  Disruptor, Probe x2  
  125  8:59  Probe  
  132  9:09  Probe x2  
  133  9:11  Probe  
  134  9:21  Probe x2  
  110  9:32  Zealot x4, Observer  
  117  9:41  Dark Templar  
  117  9:43  Probe x2  
  121  9:55  Dark Templar x3  
  109  10:09  Zealot  
  83  10:28  Colossus (Chrono Boost)  
  83  10:30  Dark Templar x4  
  83  10:31  Probe, Dark Templar  
  96  10:41  Blink (Chrono Boost)  
  92  10:45  Shadow Stride  
  93  10:50  Probe x2  
  93  10:55  Probe  
  95  10:58  Protoss Ground Weapons Level 1 (Chrono Boost)  
  95  10:59  Gateway, Protoss Ground Armor Level 1 (Chrono Boost), Protoss Shields Level 1 (Chrono Boost)  
  95  11:00  Gateway  
  95  11:03  Gateway  
  95  11:04  Gateway  
  95  11:07  Gateway  
  95  11:10  Gateway  
  95  11:12  Gateway, Colossus (Chrono Boost)  
  95  11:13  Stalker x2, Zealot x3  
  95  11:14  Gateway  
  95  11:15  Gateway  
  95  11:16  Gateway  
  95  11:18  Probe x2  
  113  11:22  Gravitic Boosters  
  113  11:25  Archon x2  
  113  11:28  Probe  
  113  11:30  Probe x3  
  117  11:40  Probe  
  117  11:41  Zealot x2  
  117  11:42  Zealot x2, Probe x3, Stalker  
  131  11:47  Nexus  
  131  11:50  Stargate  
  131  11:52  Probe  
  131  11:54  Disruptor (Chrono Boost), Probe x3, Stargate  
  132  12:00  Pylon  
  139  12:03  Dark Templar x3  
  139  12:04  Probe, Dark Templar  
  139  12:06  Probe x3  
  151  12:16  Probe  
  151  12:18  Probe  
  153  12:23  Probe  
  153  12:24  Stalker x2  
  153  12:25  Stalker  
  153  12:26  Stalker x4  
  153  12:27  Zealot x4  
  153  12:28  Disruptor (Chrono Boost)  
  176  13:10  Stalker x3  
  176  13:11  Zealot x4  
  176  13:12  Zealot x3  
  190  13:49  Dark Templar x4  
  190  13:50  Dark Templar  
  200  14:02  Protoss Shields Level 2 (Chrono Boost), Protoss Ground Armor Level 2 (Chrono Boost), Protoss Ground Weapons Level 2 (Chrono Boost)  
  200  14:07  Fleet Beacon  
  200  14:21  Protoss Air Weapons Level 1 (Chrono Boost)  
  180  14:36  Zealot x2  
  180  14:37  Zealot x2, Adept  
  172  14:41  Zealot  
  172  14:42  Zealot x4  
  172  14:43  Zealot x5  
  172  14:44  Zealot x2  
  192  15:02  Pylon x2  
  192  15:03  Disruptor  
  188  15:20  Zealot x4  
  188  15:21  Zealot x4  
  186  15:22  Zealot x4  
  178  15:39  Disruptor  
  182  15:44  Zealot x4  
  182  15:45  Zealot x5  
  160  16:24  Protoss Air Armor Level 1  
  134  16:29  Zealot x3  
  134  16:30  Zealot x3  
  134  16:31  Dark Templar x4  
  134  16:32  Dark Templar x3  
  150  16:38  Probe  
  149  16:45  Assimilator  
  149  16:49  Assimilator  
  149  16:50  Nexus, Photon Cannon x3  
  149  16:51  Shield Battery  
  149  16:53  Assimilator, Dark Templar, Pylon, Photon Cannon  
  151  16:54  Dark Templar x3  
  151  16:55  Dark Templar x4  
  151  16:56  Assimilator, Pylon x2  
  165  17:07  Colossus  
  171  17:14  Zealot x4  
  171  17:15  Zealot  
  177  17:23  Protoss Ground Armor Level 3, Protoss Ground Weapons Level 3, Protoss Shields Level 3  
  135  17:47  Zealot x5  
  135  17:48  Zealot x6  
  135  17:49  Zealot x4  
  157  18:01  Disruptor  
  123  18:17  Zealot x4  
  123  18:18  Zealot x4  
  123  18:19  Zealot x4  
  129  18:20  Zealot x3  
  129  18:24  Probe  
  144  18:29  Void Ray x2 (Chrono Boost)  
  144  18:36  Disruptor  
  148  18:47  Nexus  
  139  18:59  Zealot x4  
  139  19:00  Stalker x6  
  139  19:01  Stalker x4  
  139  19:02  Stalker  
  171  19:04  Void Ray  
  171  19:05  Void Ray  
  141  19:17  Probe  
  141  19:21  Nexus  
  142  19:28  Zealot x4, Pylon  
  142  19:29  Zealot, Pylon, Stalker x3  
  142  19:30  Stalker x2  
  162  19:31  Pylon  
  162  19:35  Observer (Chrono Boost)  
  162  19:38  Gravitic Drive  
  163  19:47  Observer (Chrono Boost)  
  163  19:51  Photon Cannon  
  164  19:53  Photon Cannon  
  164  20:00  Observer  
  165  20:08  Probe  
  165  20:12  Nexus  
  165  20:13  Pylon  
  166  20:14  Pylon x3  
  166  20:15  Stalker x5  
  166  20:16  Stalker x2  
  166  20:20  Void Ray (Chrono Boost)  
  188  20:28  Protoss Air Weapons Level 2, Void Ray (Chrono Boost)  
  188  20:32  Photon Cannon  
  188  20:33  Photon Cannon  
  188  20:45  Photon Cannon  
  188  20:46  Shield Battery, Photon Cannon  
  181  20:55  Zealot x2  
  181  20:56  Zealot x2  
  176  20:59  Zealot x3  
  176  21:00  Zealot, Carrier  
  176  21:01  Zealot  
  176  21:03  Zealot  
  136  21:35  Zealot x5  
  136  21:36  Zealot x5  
  136  21:37  Zealot  
  154  21:54  Unknown, Flux Vanes  
  154  21:57  Disruptor  
  154  21:59  Tempest  
  163  22:03  Tempest  
  163  22:05  Sentry x3  
  163  22:06  Sentry x2  
  178  22:15  Photon Cannon  
  169  22:41  Observer (Chrono Boost), Tempest  
  175  22:52  Observer (Chrono Boost)  
  176  23:15  Probe  
  177  23:25  Stalker x3  
  177  23:26  Stalker x3  
  189  23:30  Nexus  
  181  23:52  Zealot x3  
Show
View Real Time Build Order
Export as new Build Order

McNasty Terran 

Build Orders: Reaper Expand 

Get SALT Encoding   

  12  0:00  SCV  
  13  0:12  SCV  
  14  0:17  Supply Depot  
  14  0:24  SCV  
  15  0:38  SCV  
  15  0:40  Barracks  
  16  0:43  Refinery  
  16  0:50  SCV  
  17  1:03  SCV  
  18  1:15  SCV  
  19  1:27  Orbital Command, Reaper  
  20  1:38  Command Center  
  20  1:50  Supply Depot  
  20  1:53  SCV  
  21  2:01  Marine  
  22  2:03  Factory  
  22  2:06  SCV  
  23  2:13  Refinery  
  23  2:18  SCV  
  23  2:22  Bunker  
  24  2:27  Barracks Reactor  
  24  2:30  SCV  
  25  2:42  SCV  
  25  2:50  Orbital Command  
  25  2:54  SCV, Starport  
  25  2:56  Factory Tech Lab  
  26  3:03  Marine x2  
  28  3:06  SCV  
  29  3:16  SCV  
  29  3:18  Siege Tank  
  29  3:19  SCV  
  34  3:20  Marine  
  34  3:21  Marine  
  36  3:28  SCV  
  36  3:31  SCV  
  36  3:33  Viking  
  40  3:38  Marine x2  
  40  3:40  SCV  
  43  3:43  SCV  
  44  3:52  SCV  
  44  3:54  Barracks  
  45  3:55  Barracks  
  45  3:58  SCV  
  45  4:01  Supply Depot  
  46  4:03  Starport Tech Lab, Siege Tank  
  46  4:06  SCV  
  50  4:10  SCV  
  50  4:12  Supply Depot  
  51  4:18  SCV  
  51  4:21  Refinery  
  51  4:22  SCV  
  51  4:23  Engineering Bay  
  53  4:28  Raven  
  53  4:30  SCV  
  56  4:34  Supply Depot, SCV  
  57  4:42  SCV  
  57  4:45  Barracks Tech Lab x2  
  58  4:46  SCV  
  58  4:49  Marine x2  
  61  4:54  SCV  
  61  4:56  Refinery  
  61  4:58  SCV  
  63  5:00  Supply Depot  
  63  5:05  Missile Turret, Stimpack  
  63  5:07  Terran Infantry Weapons Level 1, Marine x2, SCV  
  66  5:18  SCV  
  67  5:22  Command Center  
  67  5:24  Marauder  
  69  5:33  Combat Shield  
  69  5:38  Starport Reactor  
  69  5:39  SCV  
  69  5:40  Barracks  
  70  5:45  Barracks  
  70  5:47  Marauder x2  
  74  5:55  SCV  
  74  5:56  SCV  
  76  6:08  SCV x2  
  76  6:10  Engineering Bay  
  76  6:11  Armory  
  78  6:15  Supply Depot  
  78  6:17  Supply Depot, Marauder x2  
  82  6:20  Medivac  
  84  6:33  Barracks Tech Lab  
  84  6:34  Concussive Shells  
  84  6:35  Orbital Command  
  84  6:38  Supply Depot  
  84  6:40  Supply Depot  
  84  6:44  Marauder x2  
  88  6:52  Terran Infantry Armor Level 1  
  88  7:01  Drilling Claws  
  88  7:02  Siege Tank  
  88  7:03  Terran Infantry Weapons Level 2  
  88  7:04  Marauder x2  
  95  7:12  Orbital Command  
  95  7:21  Missile Turret  
  95  7:22  Terran Vehicle Weapons Level 1, Missile Turret  
  95  7:25  Missile Turret  
  95  7:28  SCV  
  95  7:29  SCV  
  97  7:30  Marauder  
  99  7:40  SCV  
  99  7:41  SCV  
  99  7:42  SCV  
  99  7:43  Siege Tank  
  105  7:44  Medivac x2  
  105  7:48  Missile Turret  
  109  7:52  SCV, Marauder x3  
  109  7:53  SCV  
  109  7:54  SCV  
  118  8:01  Marine x2, Marauder  
  118  8:05  SCV  
  123  8:13  SCV x2, Marauder  
  123  8:14  Viking x2  
  123  8:16  Siege Tank  
  123  8:17  SCV, Refinery  
  123  8:18  Refinery  
  119  8:24  Supply Depot  
  119  8:25  Supply Depot, SCV x2  
  121  8:29  SCV  
  122  8:36  Barracks  
  122  8:37  SCV, Barracks  
  122  8:38  SCV, Barracks, Marauder  
  122  8:39  Marauder x3  
  132  8:46  Viking  
  134  8:48  Siege Tank  
  134  8:52  Marine x2  
  139  8:59  Marine  
  139  9:00  Marauder x3  
  146  9:05  Viking  
  146  9:06  Terran Infantry Armor Level 2  
  149  9:10  SCV  
  149  9:18  Supply Depot  
  149  9:20  Supply Depot  
  149  9:36  Command Center  
  147  9:39  SCV, Marine x4, Marauder, Viking  
  147  9:40  Marauder x2  
  160  9:56  Barracks Tech Lab x2  
  160  9:57  Marauder  
  108  10:30  Marine, Marauder x6  
  108  10:31  Marine  
  108  10:32  SCV  
  108  10:33  SCV, Terran Infantry Weapons Level 3  
  113  10:44  SCV  
  113  10:45  SCV  
  113  10:48  Barracks Tech Lab  
  113  10:51  Marauder x3  
  113  10:52  Marauder x3  
  113  10:57  SCV x2  
  126  10:58  Orbital Command  
  127  11:07  Command Center  
  127  11:13  Missile Turret, Marauder x2  
  131  11:22  Viking x2  
  135  11:36  Terran Infantry Armor Level 3  
  135  11:37  Marauder x5  
  145  11:42  Starport  
  145  11:44  Refinery  
  145  11:45  Terran Vehicle Weapons Level 2  
  145  11:46  Refinery  
  145  11:57  Sensor Tower  
  145  12:05  Command Center  
  145  12:09  Viking  
  145  12:10  Viking  
  149  12:21  Marauder x4  
  159  12:30  Starport Reactor  
  157  12:46  Planetary Fortress  
  154  13:03  Marauder x7, Viking  
  154  13:04  Viking  
  172  13:08  Ghost Academy  
  172  13:24  SCV, Missile Turret x2, Marauder x2  
  172  13:25  SCV x3, Missile Turret, Marauder x2  
  172  13:26  Hi-Sec Auto Tracking  
  174  13:37  SCV  
  170  13:52  Marauder  
  170  13:53  Marauder x6  
  184  13:58  Personal Cloaking  
  184  14:01  Planetary Fortress  
  184  14:05  Refinery  
  184  14:12  Missile Turret, Neosteel Armor  
  184  14:13  Ghost x5  
  184  14:14  Marauder x2  
  191  14:25  Orbital Command  
  169  14:34  Ghost  
  169  14:36  Ghost  
  167  14:42  Ghost x4  
  167  14:43  Ghost  
  177  15:03  Ghost  
  177  15:05  Ghost  
  181  15:10  Ghost x4  
  181  15:12  Marauder  
  157  15:32  Marauder  
  157  15:33  Ghost x2  
  150  15:40  Marauder x4, Medivac x2  
  150  15:41  Viking x2  
  133  15:46  Factory Reactor  
  133  15:51  Terran Ship Weapons Level 1  
  133  15:54  Marauder  
  135  16:01  Marauder x4  
  135  16:02  Marauder  
  135  16:03  Marauder  
  127  16:12  Marine  
  127  16:15  Marauder  
  117  16:18  Orbital Command  
  117  16:22  Marauder x2  
  117  16:23  Marauder x2  
  117  16:24  Marine, Marauder x2  
  116  16:27  Widow Mine x2  
  120  16:36  Marauder  
  122  16:44  Marauder x4  
  122  16:45  Marauder  
  122  16:46  Marauder  
  134  16:58  Marauder  
  136  17:05  Marauder x4  
  136  17:06  Marauder  
  136  17:07  Marauder  
  136  17:08  Barracks  
  148  17:09  Barracks  
  148  17:10  Viking x4  
  156  17:19  Marauder  
  149  17:27  Marauder x4  
  149  17:28  Marauder x2  
  151  17:36  Marine x2  
  130  17:41  Marauder  
  129  17:48  Marauder x4  
  129  17:49  Marine, Marauder  
  129  17:50  Command Center  
  138  17:53  Command Center  
  95  18:20  Ghost x3  
  95  18:21  Marauder  
  95  18:22  Marauder x2  
  107  18:54  Marauder x2  
  107  18:55  Barracks Tech Lab x2, Marauder x5  
  119  18:56  Refinery  
  93  19:11  Viking  
  93  19:15  Ghost  
  93  19:16  Marauder x5  
  80  19:26  Viking  
  80  19:27  Viking x2  
  86  19:41  Medivac  
  86  19:42  Planetary Fortress  
  88  19:47  SCV x2  
  90  19:56  Medivac  
  90  19:57  Viking, Medivac  
  94  20:05  SCV  
  94  20:06  SCV x3  
  98  20:17  Marauder x3  
  98  20:18  SCV x2  
  106  20:33  Widow Mine x2  
  110  20:40  Marauder x7  
  124  20:43  Medivac x2  
  128  20:56  Marauder  
  128  20:57  Marauder, Widow Mine x2  
  128  21:01  Marauder  
  128  21:02  Marauder  
  136  21:04  Medivac x2  
  126  21:18  Marauder  
  126  21:19  Marauder x3, Widow Mine x2, Viking  
  116  21:32  Marauder x4  
  109  21:40  Marine  
  109  21:41  SCV  
  109  21:42  SCV x2  
  119  22:00  Marauder x4  
  121  22:13  Marauder  
  121  22:14  Marauder x2  
  127  22:22  SCV x5  
  132  22:34  SCV x2  
  132  22:35  SCV, Sensor Tower  
  133  22:51  Planetary Fortress  
  133  22:53  SCV x5  
  133  22:55  Marauder  
  133  22:56  Refinery  
  133  22:58  Marine x2, Refinery  
  138  23:01  Medivac  
  138  23:05  SCV x5  
  147  23:07  Missile Turret  
  147  23:14  Ghost x2  
  147  23:17  SCV  
Tags
 
Add a new tag
Caveats
  • Supply blocks, unpowered buildings, or Contaminate may cause inaccurate times.
  • Supply counts are checked every 10 seconds.